 Dungeon Crawl Stone Soup version 0.31-a0-949-g57150269e1 (webtiles) character file.

Game seed: 6565198611512876828

911291 SecretSquirrel the End of an Era (level 27, -7/256 HPs)
             Began as a Ghoul Monk on Oct 21, 2023.
             Was the Champion of Qazlal.
             Killed from afar by a Brimstone Fiend (36 damage)
             ... with damnation
             ... in Pandemonium on Oct 22, 2023.
             The game lasted 05:20:50 (72338 turns).

SecretSquirrel the End of an Era (Ghoul Monk)      Turns: 72338, Time: 05:20:50

Health: -7/256     AC: 41    Str: 16 (18) XL:     27
Magic:  39/39      EV: 13    Int:  8 (16) God:    Qazlal [******]
Gold:   6202       SH: 36    Dex: 26      Spells: 34/46 levels left

rFire   + + +        a - +11 Singing Sword {sonic wave}
rCold   + + +        x - +1 tower shield {rC+ rF+}
rNeg    + + +        E - +3 gold dragon scales
rPois   ∞            D - +3 crown of Dyrovepreva {rElec Int+2 SInv}
rElec   +            C - +4 dragonskin cloak
rCorr   +            F - +0 pair of fencer's gloves {Riposte Dex+3}
SInv    +            r - +2 pair of boots {Fly}
Will    ++...        z - dreamdust necklace {Acrobat} Stlth
                     H - ring of Rinu {rCorr Str-3 Int+4 Slay+3 SInv}
HPRegen 0.00/turn    X - ring "Coosacom" {Fly rF+ rC+ Int+3 Dex+6}
MPRegen 0.26/turn

%: repel missiles, acrobat
@: flying, inhibited regen, studying 3 skills
A: claws 1, cold resistance 1, negative energy resistance 3, inhibited
regeneration, torment resistance 2, devour on kill
}: 9/15 runes: decaying, serpentine, slimy, silver, abyssal, demonic, glowing,
fiery, dark
a: Renounce Religion, Upheaval, Elemental Force, Disaster Area


You were in Pandemonium.
You worshipped Qazlal.
Qazlal was exalted by your worship.
You visited 13 branches of the dungeon, and saw 57 of its levels.
You visited Pandemonium 3 times, and saw 22 of its levels.
You visited the Abyss 9 times.
You also visited: Trove, Gauntlet and Desolation.

You collected 11119 gold pieces.
You spent 4917 gold pieces at shops.

Inventory:

Hand Weapons
 a - the +11 Singing Sword (weapon) {sonic wave}
   (You found it on level 4 of the Dungeon)
 b - the +12 demon blade "Zurafyukh" {vamp, Int+2}
   (You took it off a hell knight on level 1 of the Depths)

   Int+2:     It affects your intelligence (+2).
 B - the +6 sword of Cerebov {flame}
   (You took it off Cerebov in Pandemonium)
Missiles
 t - 13 javelins
 A - 23 boomerangs
 N - 7 silver javelins (quivered)
Armour
 r - a +2 pair of boots of flying (worn)
 w - the +3 helmet "Put-Me-On" {Int+4}
   (You found it on level 5 of the Pits of Slime)

   Int+4:     It affects your intelligence (+4).
 x - a +1 tower shield of resistance (worn)
 C - the +4 dragonskin cloak (worn)
   (You took it off Tiamat on level 3 of the Realm of Zot)

   Avatar's Aegis: It grants the wearer a chance to resist fire, cold, poison,
   electricity, acid, and negative energy.
 D - the +3 crown of Dyrovepreva (worn) {rElec Int+2 SInv}
   (You bought it in a shop on level 2 of the Orcish Mines)

   Int+2:     It affects your intelligence (+2).
   rElec:     It insulates you from electricity.
   SInv:      It lets you see invisible.
 E - +3 gold dragon scales (worn)
 F - the +0 pair of fencer's gloves (worn) {Riposte Dex+3}
   (You found it on level 12 of the Dungeon)

   Riposte:   It allows the wearer to riposte with melee weapons, swiftly
   retaliating against missed or blocked melee attacks.
   Dex+3:     It affects your dexterity (+3).
 W - +0 pearl dragon scales
 Z - the +1 cloak of Plasticity {+Inv rCorr Dex+3 Stlth+}
   (You found it on level 4 of the Snake Pit)

   Dex+3:     It affects your dexterity (+3).
   +Inv:      It lets you turn invisible.
   rCorr:     It protects you from acid and corrosion.
   Stlth+:    It makes you more stealthy.
Jewellery
 g - the amulet of Xom's Entertainment {Reflect Str+2 SH+5}
   (You found it on level 5 of the Vaults)

   [amulet of reflection]

   Reflect:   It reflects blocked missile attacks.
   Str+2:     It affects your strength (+2).
   SH+5:      It affects your SH (+5).
 l - the necklace of Bloodlust {Fury *Rage Will++ Int-3 Slay+6}
   (You found it in a treasure trove)

   [amulet of nothing]

   Fury:      It extends the wearer's berserk rage when killing foes.
   Int-3:     It affects your intelligence (-3).
   Slay+6:    It affects your accuracy & damage with ranged weapons and melee
   (+6).
   Will++:    It greatly increases your willpower.
   *Rage:     It berserks you when you make melee attacks (+50% chance).
 m - the ring of the Tortoise {AC+8}
   (You found it in a treasure trove)

   [ring of protection]

   AC+8:      It affects your AC (+8).
 o - a +4 ring of slaying
 q - an amulet of regeneration
 v - the ring "Desel" {Wiz rN+ Str+2}
   (You found it on level 3 of the Crypt)

   [ring of wizardry]

   Wiz:       It improves your spell success rate.
   Str+2:     It affects your strength (+2).
   rN+:       It protects you from negative energy.
 z - the dreamdust necklace (around neck) {Acrobat}
   (You took it off a nagaraja on level 4 of the Snake Pit)

   [amulet of the acrobat]

   Acrobat:   It increases your evasion while moving and waiting.
 G - a +6 ring of intelligence
 H - the ring of Rinu (left hand) {rCorr Str-3 Int+4 Slay+3 SInv}
   (You bought it in a shop on level 2 of the Vaults)

   [ring of resist corrosion]

   Str-3:     It affects your strength (-3).
   Int+4:     It affects your intelligence (+4).
   Slay+3:    It affects your accuracy & damage with ranged weapons and melee
   (+3).
   SInv:      It lets you see invisible.
   rCorr:     It protects you from acid and corrosion.
 X - the ring "Coosacom" (right hand) {Fly rF+ rC+ Int+3 Dex+6}
   (You found it in the Desolation of Salt)

   [ring of dexterity]

   Int+3:     It affects your intelligence (+3).
   Dex+6:     It affects your dexterity (+6).
   rF+:       It protects you from fire.
   rC+:       It protects you from cold.
   Fly:       It grants you flight.
Wands
 P - a wand of iceblast (9)
 R - a wand of digging (48)
Scrolls
 e - 16 scrolls of blinking
 h - 7 scrolls of revelation
 i - 7 scrolls of immolation
 j - 20 scrolls of teleportation
 k - 5 scrolls of butterflies
 u - 10 scrolls of fog
 y - 2 scrolls of silence
 I - 7 scrolls of fear
 J - 9 scrolls of poison
Potions
 c - 8 potions of ambrosia
 d - 27 potions of curing
 f - 9 potions of magic
 n - 6 potions of resistance
 p - 6 potions of cancellation
 s - 5 potions of enlightenment
 O - a potion of haste
 V - 5 potions of attraction
Miscellaneous
 L - the horn of Geryon
 S - a tin of tremorstones (2/2)


   Skills:
 + Level 22.9 Fighting
 - Level 16.0 Long Blades
 - Level 6.5 Axes
 - Level 15.3 Throwing
 + Level 20.6 Armour
 + Level 20.3 Dodging
 - Level 25.0 Shields
 - Level 10.0 Spellcasting
 - Level 13.6 Translocations
 - Level 26.5 Invocations
 - Level 5.0 Evocations


You had 34 spell levels left.
You knew the following spells:

 Your Spells              Type           Power      Damage    Failure   Level
a - Apportation           Tloc           50%        N/A       3%          1
b - Blink                 Tloc           50%        N/A       5%          2
c - Lesser Beckoning      Tloc           50%        N/A       5%          2
d - Teleport Other        Tloc           25%        N/A       11%         3
e - Passage of Golubria   Tloc           25%        N/A       34%         4

Your spell library contained the following spells:

 Spells                   Type           Power      Damage    Failure   Level
 Gell's Gravitas          Tloc           25%        N/A       11%         3
 Manifold Assault         Tloc           25%        N/A       34%         4
 Volatile Blastmotes      Fire/Tloc      28%        2d12      87%         3
 Dimensional Bullseye     Hex/Tloc       7%         N/A       99%         4
 Iskenderun's Mystic Bla  Conj/Tloc      14%        2d5       99%         4
 Dispersal                Tloc           12%        N/A       99%         6
 Foxfire                  Conj/Fire      16%        2x1d4     100%        1
 Freeze                   Ice            16%        1d4       100%        1
 Kiss of Death            Conj/Necr      16%        2d6       100%        1
 Magic Dart               Conj           16%        1d3       100%        1
 Necrotise                Necr           16%        1d4       100%        1
 Shock                    Conj/Air       16%        1d4       100%        1
 Sting                    Tmut/Pois      16%        1d3       100%        1
 Summon Small Mammal      Summ           16%        N/A       100%        1
 Cigotuvi's Dreadful Rot  Necr/Pois/Air  8%         N/A       100%        2
 Jinxbite                 Hex            8%         N/A       100%        2
 Poisonous Vapours        Pois/Air       8%         N/A       100%        2
 Scorch                   Fire           8%         2d5       100%        2
 Call Canine Familiar     Summ           4%         N/A       100%        3
 Confusing Touch          Hex            4%         N/A       100%        3
 Dazzling Flash           Conj/Hex       8%         N/A       100%        3
 Frozen Ramparts          Ice            8%         1d2       100%        3
 Hailstorm                Conj/Ice       4%         3d4       100%        3
 Inner Flame              Hex/Fire       4%         N/A       100%        3
 Sigil of Binding         Hex            4%         N/A       100%        3
 Stone Arrow              Conj/Erth      8%         3d7       100%        3
 Summon Guardian Golem    Hex/Summ       4%         N/A       100%        3
 Swiftness                Air            4%         N/A       100%        3
 Tukima's Dance           Hex            4%         N/A       100%        3
 Animate Armour           Summ/Erth      8%         N/A       100%        4
 Animate Dead             Necr           4%         N/A       100%        4
 Brom's Barrelling Bould  Conj/Erth      4%         2d3       100%        4
 Cause Fear               Hex            2%         N/A       100%        4
 Dispel Undead            Necr           4%         3d7       100%        4
 Flame Wave               Conj/Fire      4%         2d5       100%        4
 Leda's Liquefaction      Hex/Erth       2%         N/A       100%        4
 Olgreb's Toxic Radiance  Pois           4%         N/A       100%        4
 Petrify                  Tmut/Erth      4%         N/A       100%        4
 Sticky Flame             Conj/Fire      4%         2d3       100%        4
 Summon Ice Beast         Ice/Summ       4%         N/A       100%        4
 Summon Lightning Spire   Summ/Air       4%         N/A       100%        4
 Alistair's Intoxication  Tmut/Pois      2%         N/A       100%        5
 Borgnjor's Vile Clutch   Necr/Erth      2%         N/A       100%        5
 Fireball                 Conj/Fire      2%         3d4       100%        5
 Freezing Cloud           Conj/Ice/Air   2%         6-21      100%        5
 Irradiate                Conj/Tmut      2%         3d12      100%        5
 Iskenderun's Battlesphe  Conj           4%         2d6       100%        5
 Lee's Rapid Deconstruct  Erth           2%         3d4*      100%        5
 Silence                  Hex/Air        2%         N/A       100%        5
 Summon Forest            Summ/Tloc      7%         N/A       100%        5
 Summon Mana Viper        Hex/Summ       4%         N/A       100%        5
 Yara's Violent Unravell  Hex/Tmut       2%         3d3       100%        5
 Bombard                  Conj/Erth      2%         9d1       100%        6
 Conjure Ball Lightning   Conj/Air       2%         3x3d6     100%        6
 Death Channel            Necr           2%         N/A       100%        6
 Eringya's Noxious Bog    Tmut/Pois      2%         4d6       100%        6
 Plasma Beam              Fire/Air       2%         2x1d12    100%        6
 Simulacrum               Ice/Necr       2%         N/A       100%        6
 Starburst                Conj/Fire      2%         6d3       100%        6
 Summon Cactus Giant      Summ           2%         N/A       100%        6
 Haunt                    Necr/Summ      2%         N/A       100%        7
 Malign Gateway           Summ/Tloc      7%         N/A       100%        7
 Orb of Destruction       Conj           2%         9d5       100%        7
 Ozocubu's Refrigeration  Ice            2%         4d7       100%        7
 Spellforged Servitor     Conj/Summ      2%         N/A       100%        7
 Summon Hydra             Summ           2%         N/A       100%        7
 Discord                  Hex            2%         N/A       100%        8
 Disjunction              Tloc           12%        N/A       100%        8
 Infestation              Necr           2%         N/A       100%        8
 Lehudib's Crystal Spear  Conj/Erth      2%         10d2      100%        8
 Maxwell's Capacitive Co  Air            2%         ∞         100%        8
 Summon Horrible Things   Summ           2%         N/A       100%        8
 Chain Lightning          Conj/Air       2%         3d2       100%        9
 Dragon's Call            Summ           2%         N/A       100%        9
 Polar Vortex             Ice            2%         N/A       100%        9
 Sublimation of Blood     Necr           Unusable   N/A       N/A         2
 Wereblood                Tmut           Unusable   N/A       N/A         2

Dungeon Overview and Level Annotations

Branches:
Dungeon (15/15)            Temple (1/1) D:6            Lair (5/5) D:10
  Swamp (4/4) Lair:3        Snake (4/4) Lair:3        Slime (5/5) Lair:5
    Orc (2/2) D:12            Elf (3/3) Orc:2        Vaults (5/5) D:13
  Crypt (3/3) Vaults:2       Tomb (0/3) Crypt:3      Depths (4/4) D:15
   Hell (visited)             Dis (0/7) Hell            Geh (0/7) Hell
    Coc (0/7) Hell            Tar (0/7) Hell            Zot (5/5) Depths:4
Desolation (visited)      Gauntlet (visited)

Altars:
Ashenzari
Cheibriados
Dithmenos
Fedhas
Gozag
Hepliaklqana
Kikubaaqudgha
Makhleb
Nemelex Xobeh
Okawaru
Qazlal
Ru
Sif Muna
Trog
Uskayaw
Vehumet
Wu Jian
Xom
Yredelemnul
Jiyva

Shops:
D:5 ?   D:13 ?   D:14 (   Orc:2 (**[   Snake:2 [   Snake:4 (?(   Vaults:2 =
Depths:2 (

Portals:
Hell: Depths:1 Depths:2 Depths:3 Depths:4
Abyss: Snake:4 Depths:3
Pandemonium: Depths:2
Ziggurat: Depths:4

Annotations:
Temple 2 transporters
Crypt:1 3 runed translucent doors, Dugafar's ghost, adept GrFi; Micliseo's ghost, adept GrFi


Innate Abilities, Weirdness & Mutations

You are immune to poison.
You have sharp fingernails.
Your flesh is cold resistant. (rC+)
You are immune to negative energy. (rN+++)
You do not regenerate when monsters are visible.
You are immune to unholy pain and torment.
You thrive by killing the living.


Message History

Your surroundings suddenly seem different.
Found an exit through the horrors of the Abyss.
You hear a roar! x2; You hear a faint skittering sound.
You're too confused to move!
You hear a faint skittering sound.
You hear a roar!
A Brimstone Fiend comes into view.
The Brimstone Fiend gestures at you.
The sphere of damnation explodes!
The damnation engulfs you!!!
* * * LOW HITPOINT WARNING * * *
You hear a shout!
You hear a chilling moan.
You feel less invigorated.
You feel less confused.
The Brimstone Fiend is engulfed in a thunderstorm.
You slice the hell beast!!
The Singing Sword asks you about your opinion on voice harmonics.
You send a blast of sound all around you.
The tormentor is almost dead.
The hell beast is almost dead.
The Brimstone Fiend is heavily wounded.
The hell beast is almost dead.
The hell beast bites you but does no damage.
You block the hell beast's attack. You block the Brimstone Fiend's attack.
You riposte.
You slice the Brimstone Fiend like a ripe choko!!!
The Brimstone Fiend is severely wounded.
You block the Brimstone Fiend's attack. The Brimstone Fiend closely misses you.
You barely miss the hell beast.
The hell beast is almost dead.
The tormentor screams, "You will die horribly!"
The hell beast is engulfed in a thunderstorm.
You kill the hell beast!
Qazlal accepts your kill. You block the tormentor's attack. x2
You hit the tormentor.
You kill the tormentor!
Qazlal accepts your kill. The Brimstone Fiend gestures at you.
The sphere of damnation explodes!
The damnation engulfs you!!!
You die...

####..##
........
.......○
#......
#......
#############
#.....☼
#.°..........
.......○
#..○..1......
......2.
#...°@§§.∩...
......##
#...§○.......
...$..
#..°...○.....
......
#............
..
#............
##
#############
#y ## .. ..


You could see a Brimstone Fiend.

Vanquished Creatures
  Cerebov (Pan)
  the Royal Jelly (Slime:5)
  Gloorx Vloq (Pan)
  A seraph (Pan)
  Mnoleg (Pan)
  Tiamat (Zot:3)
  4 orbs of fire
  6 dread liches
  7 ancient liches
  Mennas (Depths:3)
  6 Killer Klowns
  Boris (Vaults:2)
  Vashnia (Snake:4)
  Saint Roka (Vaults:1)
  3 curse toes
  2 shard shrikes (Depths:3)
  3 caustic shrikes
  4 pandemonium lords (Pan)
  9 golden dragons
  Geryon (Hell)
  Nikola (Swamp:2)
  2 profane servitors
  8 bone dragons
  3 electric golems
  2 Tzitzimimeh
  8 Hell Sentinels
  3 Brimstone Fiends
  2 hellephants (Depths:3)
  The ghost of freelancePsychic the Warrior, an adept DsDe of Ashenzari (Snake:4)
  Jorgrun (Swamp:1)
  24 tentacled monstrosities
  Zenata (Elf:2)
  4 liches
  25 Orb Guardians (Zot:5)
  7 quicksilver dragons
  2 deep elf master archers (Elf:3)
  9 sphinxes
  19 acid blobs
  15 Executioners (Pan)
  4 titans
  8 ancient champions
  5 deep elf blademasters
  The ghost of perezv8180 the Brawler, an adept TrWr of Okawaru (Snake:2)
  13 tentacled starspawn
  3 thorn hunters (Swamp:4)
  A walking frostbound tome (Depths:4)
  An eldritch tentacle (Pan)
  13 death cobs
  13 tengu reavers
  Aizul (Swamp:1)
  6 draconian knights
  4 revenants
  19 storm dragons
  Donald (Vaults:2)
  11 draconian monks
  5 demonspawn warmongers (Pan)
  Roxanne (Swamp:4)
  4 fire giants
  21 shadow dragons
  8 nagarajas (Snake:4)
  15 rockslimes
  8 azure jellies
  7 deep elf sorcerers
  An imperial myrmidon (Desolation)
  10 balrugs
  6 frost giants
  4 iron dragons
  4 curse skulls
  17 vault wardens
  2 ghouls
  26 cacodemons
  8 draconian scorchers
  3 caustic shrike zombies
  9 draconian shifters
  6 ghost moths
  3 angels (Pan)
  10 quicksilver oozes (Slime:5)
  6 draconian stormcallers
  18 ironbound preservers
  33 very ugly things
  5 ironbound thunderhulks
  4 ophanim (Pan)
  3 war gargoyles
  4 formless jellyfish
  A stone giant (shapeshifter) (Vaults:4)
  15 stone giants
  4 demonspawn blood saints (Pan)
  14 vampire knights
  2 orc warlords (Orc:1)
  4 draconian annihilators
  13 reapers
  A hydra skeleton (Swamp:4)
  6 demonspawn corrupters (Pan)
  6 deep elf demonologists
  16 green draconians
  4 dire elephants (Vaults:2)
  11 lorocyprocas (Pan)
  6 demonspawn black suns (Pan)
  A spectral titan (Depths:3)
  3 eleionomae (Swamp:4)
  A bunyip (Swamp:3)
  Azrael (Snake:1)
  10 black draconians
  11 red draconians
  4 deep elf annihilators
  16 spark wasps
  A minotaur (Gauntlet)
  6 yellow draconians
  2 halazid warlocks (Desolation)
  10 white draconians
  7 purple draconians
  11 deep elf death magi
  6 eidola
  10 blizzard demons
  14 ettins
  A crystal guardian (Desolation)
  11 green deaths
  2 fire dragons
  7 deep elf high priests
  19 jiangshi
  12 yaktaur captains
  9 great orbs of eyes
  6 ragged hierophants
  2 shambling mangroves (Swamp:4)
  An entropy weaver (Vaults:5)
  A fenstrider witch zombie (Crypt:1)
  4 salamander tyrants
  7 servants of whispers (Desolation)
  4 hell beasts (Pan)
  3 juggernaut simulacra
  13 hydras
  2 ogre magi (Orc:2)
  Erolcha (D:10)
  5 ice dragons
  15 alligators
  39 vault guards
  5 rakshasas
  14 centaur warriors
  4 spriggan air magi
  4 catoblepae
  3 ghost crabs
  11 peacekeepers (Desolation)
  6 ironbound frosthearts
  13 anacondas
  21 dancing weapons
  7 death knights
  9 boulder beetles
  12 death yaks
  14 two-headed ogres
  23 hell hogs
  A deep troll shaman (Depths:2)
  15 demonic crawlers
  3 occultists
  2 spriggan berserkers
  10 vampire magi
  2 deep troll earth magi
  8 tengu warriors
  11 naga warriors
  A titan zombie (Hell)
  27 soul eaters
  15 naga sharpshooters
  2 orc high priests
  21 thrashing horrors
  11 shock serpents
  19 hell knights
  20 deep elf knights
  A titan skeleton (Depths:2)
  11 shadow wraiths
  28 sun demons
  15 wretched stars
  3 iron trolls
  A fire crab (Gauntlet)
  20 sixfirhies
  A spark wasp zombie (D:15)
  A goliath frog (shapeshifter) (Vaults:4)
  50 skeletal warriors
  7 flayed ghosts
  4 goliath frogs
  8 shadow demons (Pan)
  6 sea snakes
  7 spriggan druids
  3 salamander mystics
  A quicksilver dragon simulacrum (Hell)
  A death drake (shapeshifter) (Vaults:5)
  3 spatial maelstroms (Abyss:4)
  A bunyip zombie (Crypt:1)
  7 swamp dragons
  An obsidian statue (Zot:5)
  57 deep trolls
  2 spriggan simulacra (Hell)
  6 cherubim (Pan)
  3 glowing orange brains
  8 lindwurms
  A shadow dragon zombie (Depths:2)
  2 bog bodies
  21 ironbound convokers
  13 naga ritualists
  10 phantasmal warriors
  Pikel (D:4)
  27 deep elf pyromancers
  30 deep elf zephyrmancers
  3 spectral hydras (Swamp:4)
  4 arcanists
  9 deep elf archers
  A mana viper (shapeshifter) (Vaults:5)
  A harpy (shapeshifter) (D:13)
  38 ugly things
  5 oklob plants
  10 harpies
  4 orc knights
  16 necromancers
  5 orc sorcerers
  20 mana vipers
  4 manticores
  28 moths of wrath
  16 salamanders
  4 worldbinders
  2 shining eyes
  A salamander (shapeshifter) (Elf:2)
  12 cyclopes
  2 will-o-the-wisps
  3 moths of wrath (shapeshifter)
  2 naga zombies
  An eleionoma skeleton (Crypt:1)
  An iron dragon skeleton (Pan)
  A spectral centaur (Crypt:3)
  3 eyes of devastation
  A frost giant skeleton (Crypt:1)
  12 elephants
  15 naga magi
  47 black mambas
  25 vault sentinels
  A spectral alligator snapping turtle (Crypt:3)
  7 molten gargoyles
  11 rust devils
  30 orange demons
  16 guardian serpents
  3 apocalypse crabs (Abyss:4)
  A titan simulacrum (Hell)
  5 unseen horrors
  36 smoke demons
  An alligator snapping turtle zombie (Crypt:1)
  A dire elephant skeleton (Hell)
  2 rime drakes
  16 cane toads
  A centaur skeleton (Crypt:1)
  A torpor snail (Lair:5)
  4 hellions
  A naga skeleton (Pan)
  The ghost of bakla the Fighter, a novice GrHu (D:6)
  29 yaktaurs
  2 gargoyles (Gauntlet)
  4 kobold demonologists
  6 ice devils
  12 komodo dragons
  A spark wasp simulacrum (Depths:2)
  A golden dragon simulacrum (Depths:3)
  A hydra zombie (Abyss:4)
  2 tormentors (Pan)
  13 freezing wraiths
  8 tengu conjurers
  5 efreet
  15 ancient zymes
  A guardian mummy (Crypt:1)
  A polar bear (Lair:5)
  2 queen bees
  13 trolls
  A red devil (Pan)
  A meliai (shapeshifter) (Abyss:4)
  7 meliai
  12 tyrant leeches
  2 harpy zombies
  2 death drake zombies (Swamp:4)
  A shadow dragon simulacrum (Hell)
  17 hellwings
  2 tarantellas (Vaults:5)
  11 hornets
  2 wind drakes (Depths:3)
  31 blink frogs
  Prince Ribbit (Lair:1)
  7 glass eyes
  A bloated husk (Swamp:1)
  2 harpy skeletons
  20 raiju
  74 saltlings
  Grinder (D:3)
  2 centaur simulacra
  51 flying skulls
  6 dream sheep (Lair:5)
  A fire giant simulacrum (Depths:3)
  A slime creature (shapeshifter) (Depths:4)
  2 spriggans (shapeshifter)
  A naga simulacrum (Crypt:1)
  16 water elementals
  52 slime creatures
  32 ynoxinuls
  61 yaks
  6 shadows
  5 spriggan skeletons
  13 wraiths
  7 air elementals (Elf:1)
  Grum (D:10)
  9 spriggans
  A basilisk (shapeshifter) (Vaults:5)
  4 fire bats (Gauntlet)
  9 fire elementals
  19 golden eyes
  2 black mamba skeletons (Pan)
  4 wyverns
  7 humans (D:13)
  19 small abominations
  24 chaos spawn
  3 basilisks
  32 neqoxecs
  A steam dragon (D:8)
  A redback (shapeshifter) (Vaults:5)
  12 vampire mosquitoes
  5 wargs
  2 harpy simulacra
  A swamp worm (shapeshifter) (Vaults:5)
  45 nagas
  An acid dragon (shapeshifter) (Abyss:4)
  70 large abominations
  10 swamp worms
  Duvessa (D:6)
  10 acid dragons
  10 hell hounds
  3 hydra simulacra (Swamp:4)
  13 water moccasins
  A dream sheep zombie (Crypt:1)
  32 orc warriors
  2 sky beasts
  A swamp dragon zombie (Swamp:4)
  11 swamp drakes
  An ettin simulacrum (Crypt:3)
  13 centaurs
  An elephant zombie (Crypt:2)
  4 black bears
  8 wolves
  23 ogres
  3 phantoms
  A lemure (D:4)
  7 kobold brigands
  17 bullfrogs
  4 necrophages (Crypt:3)
  6 scorpions
  A glowing shapeshifter simulacrum (Depths:3)
  2 gnoll sergeants
  6 earth elementals
  An elf skeleton (Crypt:2)
  12 wights
  Dowan (D:6)
  A swamp dragon simulacrum (Hell)
  12 killer bees (D:13)
  A troll skeleton (Crypt:2)
  7 electric eels
  A lava snake (D:15)
  A yak skeleton (Crypt:1)
  2 howler monkeys (D:7)
  3 crimson imps (Abyss:4)
  A human zombie (Crypt:1)
  A wolf skeleton (Crypt:1)
  A quasit (Abyss:2)
  2 gnoll boudas
  3 jellies
  17 orc priests
  Crazy Yiuf (D:7)
  8 hounds
  71 starcursed masses
  An iron imp (Abyss:3)
  Terence (D:2)
  5 human skeletons (Crypt:1)
  A sleepcap (D:7)
  Natasha (thrice) (D:3)
  3 iguanas
  23 orc wizards
  12 hell rats (Hell)
  A sky beast zombie (Crypt:2)
  3 mummies (Crypt:1)
  21 gnolls
  13 adders
  A shadow imp (D:6)
  A swamp drake skeleton (Crypt:1)
  9 white imps
  6 ufetubi
  An iguana skeleton (Crypt:2)
  A worm (D:2)
  2 dart slugs
  81 orcs
  5 endoplasms
  4 giant cockroaches
  9 goblins
  3 hobgoblins
  4 jackals (D:4)
  30 kobolds
  6 quokkas
  9 ball pythons
  13 bats
  A frilled lizard (D:2)
  2 rats
  2 lurking horrors
  A spectral weapon (Zot:2)
  12 starspawn tentacles
3504 creatures vanquished.

Vanquished Creatures (collateral kills)
  2 Executioners (Pan)
  A sun demon (Pan)
  A yak (D:10)
  A black bear (D:10)
5 creatures vanquished.

Vanquished Creatures (others)
  Mlioglotl (Swamp:2)
  A quicksilver dragon (Zot:5)
  A cacodemon (Pan)
  A demonspawn corrupter (Pan)
  A reaper (Pan)
  A wendigo (Hell)
  A spark wasp (Depths:1)
  A green death (Pan)
  A ragged hierophant (Desolation)
  A vault guard (Vaults:4)
  A juggernaut simulacrum (Hell)
  An alligator (Swamp:2)
  A naga warrior (Snake:3)
  2 sun demons (Pan)
  A goliath frog (Swamp:4)
  A bog body (Swamp:2)
  An orange demon (Pan)
  A black mamba (Snake:1)
  A saltling (Desolation)
  7 bloated husks
  A tyrant leech (Swamp:1)
  A spriggan (Swamp:2)
  A large abomination (Pan)
  A ynoxinul (Pan)
  3 chaos spawn (Pan)
  A vampire mosquito (Swamp:2)
  A starcursed mass (Abyss:4)
  A naga (Snake:3)
  An acid dragon (Depths:3)
  A naga simulacrum (Hell)
  An orc wizard (Orc:2)
  2 fire vortices (Pan)
  4 foxfires (Abyss:3)
  2 lurking horrors
  39 starspawn tentacles
87 creatures vanquished.

Grand Total: 3596 creatures vanquished

Notes
Turn   | Place    | Note
-------+----------+-------------------------------------------
     0 | D:1      | SecretSquirrel the Ghoul Monk began the quest for the Orb.
     0 | D:1      | Reached XP level 1. HP: 19/19 MP: 0/0
   130 | D:2      | Reached XP level 2. HP: 26/26 MP: 1/1
   768 | D:2      | Reached XP level 3. HP: 31/31 MP: 2/2
   798 | D:2      | Reached skill level 1 in Armour
   804 | D:2      | Noticed Terence
   819 | D:2      | Killed Terence
  1090 | D:2      | Reached XP level 4. HP: 33/40 MP: 3/3
  1571 | D:2      | Identified a scroll of acquirement
  1571 | D:2      | Acquired a +0 helmet of see invisible
  1970 | D:3      | Found a shimmering blue altar of Sif Muna.
  2004 | D:3      | Found a hazy altar of Hepliaklqana.
  2053 | D:3      | Reached XP level 5. HP: 46/46 MP: 4/4
  2209 | D:4      | Noticed Pikel
  2209 | D:4      | Noticed a lemure
  2209 | D:4      | Noticed a lemure
  2209 | D:4      | Noticed a lemure
  2209 | D:4      | Noticed a lemure
  2233 | D:3      | Noticed Grinder
  2253 | D:3      | Paralysed by Grinder for 2 turns
  2260 | D:3      | Killed Grinder
  2261 | D:3      | Reached XP level 6. HP: 33/53 MP: 5/5
  2340 | D:3      | Noticed Natasha
  2353 | D:3      | Reached skill level 5 in Axes
  2376 | D:3      | Killed Natasha
  2377 | D:3      | Reached skill level 5 in Fighting
  2610 | D:3      | Noticed Natasha
  2623 | D:3      | Killed Natasha
  2774 | D:3      | Noticed Natasha
  2792 | D:3      | Killed Natasha
  2793 | D:3      | Reached XP level 7. HP: 53/61 MP: 6/6
  3105 | D:4      | Identified the +7 scale mail "Yfymuiczolo" {Dex+4}
  3216 | D:5      | Entered Level 5 of the Dungeon
  3509 | D:4      | Reached skill level 1 in Shields
  3522 | D:4      | Reached XP level 8. HP: 42/70 MP: 7/7
  3626 | D:4      | Found the +11 Singing Sword {sonic wave}
  3757 | D:5      | Found Aduwk's Magic Scroll Emporium.
  3772 | D:5      | Bought a scroll of identify for 24 gold pieces
  3772 | D:5      | Bought a scroll of identify for 24 gold pieces
  3772 | D:5      | Bought a scroll of identify for 24 gold pieces
  3794 | D:5      | Reached skill level 1 in Long Blades
  4050 | D:6      | Noticed a wyvern
  4055 | D:6      | Killed a wyvern
  4467 | D:6      | Reached XP level 9. HP: 79/79 MP: 8/8
  4472 | D:6      | Found an ancient bone altar of Kikubaaqudgha.
  4758 | D:6      | Found a large runed translucent door.
  4758 | D:6      | Found a large runed translucent door.
  4764 | D:6      | Noticed bakla's ghost (novice GrHu)
  4813 | D:6      | Noticed Dowan
  4819 | D:6      | Reached skill level 5 in Long Blades
  4839 | D:6      | Killed Dowan
  4908 | D:6      | Found an iron altar of Okawaru.
  5187 | D:6      | Found a staircase to the Ecumenical Temple.
  5196 | Temple   | Found a transporter.
  5196 | Temple   | Found a transporter.
  5196 | Temple   | Found a transporter.
  5196 | Temple   | Found a transporter.
  5196 | Temple   | Entered the Ecumenical Temple
  5214 | Temple   | Became a worshipper of Qazlal Stormbringer
  5214 | Temple   | Reached * piety under Qazlal
  5214 | Temple   | Reached ** piety under Qazlal
  5264 | D:6      | Noticed Duvessa
  5285 | D:6      | Killed Duvessa
  5489 | D:7      | Found a snail-covered altar of Cheibriados.
  6385 | D:7      | Found a runed translucent door.
  6386 | D:7      | Noticed Crazy Yiuf
  6391 | D:7      | Killed Crazy Yiuf
  6891 | D:8      | Reached XP level 10. HP: 87/89 MP: 9/9
  6893 | D:8      | Reached skill level 5 in Shields
  7106 | D:8      | Reached skill level 1 in Invocations
  7256 | D:8      | Reached *** piety under Qazlal
  7473 | D:8      | Reached skill level 2 in Invocations
  7565 | D:8      | Found a basalt altar of Yredelemnul.
  7677 | D:8      | Found a burning altar of Makhleb.
  7678 | D:8      | Noticed a green death
  7795 | D:9      | Reached skill level 3 in Invocations
  7934 | D:9      | Reached skill level 4 in Invocations
  7985 | D:10     | Entered Level 10 of the Dungeon
  8152 | D:9      | Reached **** piety under Qazlal
  8480 | D:10     | Reached XP level 11. HP: 74/99 MP: 13/13
  8586 | D:10     | Reached skill level 10 in Fighting
  8586 | D:10     | Reached skill level 5 in Invocations
  8601 | D:10     | Noticed Erolcha
  8609 | D:10     | Killed Erolcha
  8651 | D:10     | Identified the ring "Aqes" {rN+ Int+3 Dex+4 Slay-5}
  8671 | D:10     | Noticed Grum
  8674 | D:10     | Killed Grum
  8786 | D:10     | Noticed a white ugly thing
  8795 | D:10     | Killed a white ugly thing
  8796 | D:10     | Reached skill level 10 in Long Blades
  8966 | D:10     | Found a broken altar of Ashenzari.
  8967 | D:10     | Noticed a two-headed ogre
  8972 | D:10     | Killed a two-headed ogre
  8973 | D:10     | Reached skill level 6 in Invocations
  8973 | D:10     | Found a radiant altar of Vehumet.
  9030 | D:10     | Found a hide-covered altar of Uskayaw.
  9068 | D:10     | Found a staircase to the Lair.
  9291 | D:11     | Noticed a two-headed ogre
  9292 | D:11     | Noticed a two-headed ogre
  9295 | D:11     | Killed a two-headed ogre
  9302 | D:11     | Killed a two-headed ogre
  9309 | D:11     | Noticed a cyclops
  9317 | D:11     | Killed a cyclops
  9554 | D:12     | Reached skill level 7 in Invocations
  9554 | D:12     | Reached XP level 12. HP: 61/110 MP: 16/16
 10077 | D:12     | Noticed a two-headed ogre
 10078 | D:12     | Noticed a two-headed ogre
 10088 | D:12     | Killed a two-headed ogre
 10090 | D:12     | Killed a two-headed ogre
 10202 | D:12     | Noticed a boulder beetle
 10212 | D:12     | Noticed a two-headed ogre
 10216 | D:12     | Killed a boulder beetle
 10217 | D:12     | Reached skill level 8 in Invocations
 10217 | D:12     | Killed a two-headed ogre
 10219 | D:12     | Noticed a tengu warrior
 10220 | D:12     | Noticed a four-headed hydra
 10221 | D:12     | Noticed a tengu warrior
 10228 | D:12     | Killed a tengu warrior
 10236 | D:12     | Killed a four-headed hydra
 10236 | D:12     | Noticed an eight-headed hydra
 10238 | D:12     | Killed a tengu warrior
 10243 | D:12     | Reached ***** piety under Qazlal
 10248 | D:12     | Killed an eight-headed hydra
 10290 | D:12     | Noticed a boulder beetle
 10306 | D:12     | Killed a boulder beetle
 10759 | D:12     | Reached skill level 9 in Invocations
 10827 | D:12     | Reached XP level 13. HP: 118/118 MP: 18/18
 10847 | D:12     | Noticed an ice dragon
 10851 | D:12     | Found a staircase to the Orcish Mines.
 10859 | D:12     | Killed an ice dragon
 11245 | D:12     | Found the +0 pair of fencer's gloves {Riposte Dex+3}
 11452 | D:13     | Found Enueceet's Magic Scroll Shop.
 11485 | D:13     | Bought a scroll of torment for 152 gold pieces
 11485 | D:13     | Bought a scroll of enchant armour for 120 gold pieces
 11485 | D:13     | Bought a scroll of identify for 32 gold pieces
 11485 | D:13     | Bought a scroll of identify for 32 gold pieces
 11485 | D:13     | Bought a scroll of teleportation for 48 gold pieces
 11540 | D:12     | Found a portal to a secret trove of treasure.
 11695 | Lair:1   | Entered Level 1 of the Lair of Beasts
 11994 | Lair:1   | Identified the +2 long sword of Tygiust {distort, rElec
                  | Int+2 Dex+5}
 11997 | Lair:1   | Noticed Prince Ribbit
 12013 | Lair:1   | Killed Prince Ribbit
 12024 | Lair:1   | Found a blossoming altar of Fedhas.
 12883 | Lair:1   | You fall into a shaft and drop 1 floor!
 13140 | Lair:3   | Found a staircase to the Swamp.
 13555 | Lair:2   | Reached XP level 14. HP: 130/130 MP: 19/19
 13899 | Lair:3   | Reached skill level 15 in Long Blades
 14053 | Lair:3   | Reached ****** piety under Qazlal
 14096 | Lair:3   | Found a staircase to the Snake Pit.
 14664 | Lair:5   | Entered Level 5 of the Lair of Beasts
 15025 | Lair:5   | Reached skill level 15 in Fighting
 15600 | Lair:5   | Found a staircase to the Slime Pits.
 15601 | Lair:5   | Found a viscous altar of Jiyva.
 15717 | Lair:5   | Identified the +0 chain mail of Farfalle {*Corrode Int+4}
 15814 | Lair:5   | Reached XP level 15. HP: 136/145 MP: 20/20
 16144 | Lair:5   | Identified the +0 leather armour of Naluocramn {rN+ Str+2}
 16992 | D:13     | Reached skill level 1 in Evocations
 17114 | D:13     | Found a gate to the Vaults.
 17788 | D:14     | Found Italuku's Antique Weapon Emporium.
 17975 | D:15     | Entered Level 15 of the Dungeon
 18088 | D:14     | Reached skill level 5 in Armour
 18088 | D:14     | Reached skill level 5 in Dodging
 18908 | D:15     | Found a staircase to the Depths.
 18913 | D:15     | Reached XP level 16. HP: 144/157 MP: 21/21
 18922 | D:15     | Reached skill level 5 in Evocations
 20005 | D:6      | Killed bakla's ghost
 20231 | Snake:1  | Entered Level 1 of the Snake Pit
 20278 | Snake:1  | Noticed Azrael
 20292 | Snake:1  | Killed Azrael
 20411 | Snake:2  | Found Gukke's Armour Emporium.
 20423 | Snake:2  | Reached skill level 10 in Invocations
 20751 | Snake:1  | Found a frozen archway.
 21021 | Snake:2  | Identified the ring of Plog {EV+5 Int+3 SInv}
 21312 | Snake:2  | Found a runed translucent gate.
 21313 | Snake:2  | Noticed perezv8180's ghost (adept TrWr)
 21313 | Snake:2  | Found a runed translucent gate.
 21313 | Snake:2  | Found a runed translucent gate.
 21544 | Snake:3  | Found a runed translucent gate.
 21547 | Snake:3  | Found a runed translucent gate.
 21548 | Snake:3  | Found a runed translucent gate.
 21568 | Snake:3  | Reached XP level 17. HP: 166/166 MP: 24/24
 21585 | Snake:3  | Reached skill level 11 in Invocations
 22081 | Snake:2  | Killed perezv8180's ghost
 22150 | Snake:2  | Reached skill level 12 in Invocations
 22285 | Snake:3  | HP: 4/166 [salamander tyrant/flame surge (23)]
 22695 | Snake:4  | Entered Level 4 of the Snake Pit
 22705 | Snake:4  | Found a transporter.
 22980 | Snake:3  | Identified the ring "Epokhush" {Fire rN+ Will- Str+3 Dex+6}
 23292 | Snake:4  | Noticed Vashnia
 23379 | Snake:4  | Found Tacsyp's Weapon Emporium.
 23390 | Snake:4  | Killed Vashnia
 23391 | Snake:4  | Reached skill level 13 in Invocations
 23512 | Snake:4  | Found Ykasaces's Magic Scroll Emporium.
 23525 | Snake:4  | Bought a scroll of blinking for 90 gold pieces
 23525 | Snake:4  | Bought a scroll of butterflies for 48 gold pieces
 23525 | Snake:4  | Bought a scroll of fear for 48 gold pieces
 23529 | Snake:4  | Found Pacel's Antique Weapon Shop.
 23564 | Snake:4  | Noticed a tentacled monstrosity
 23566 | Snake:4  | Reached XP level 18. HP: 143/174 MP: 17/27
 23663 | Snake:4  | Noticed freelancePsychic's ghost (adept DsDe)
 23702 | Snake:4  | Reached skill level 14 in Invocations
 23859 | Snake:4  | Got a serpentine rune of Zot
 24086 | Snake:4  | Found a transporter.
 24094 | Snake:4  | Found a one-way gate to the infinite horrors of the Abyss.
 24190 | Snake:4  | Killed a tentacled monstrosity
 24196 | Snake:4  | Killed freelancePsychic's ghost
 24473 | Snake:4  | Identified the +1 cloak of Plasticity {+Inv rCorr Dex+3
                  | Stlth+}
 24821 | Snake:4  | Bought a double sword for 675 gold pieces
 25147 | D:5      | Bought a scroll of brand weapon for 114 gold pieces
 25147 | D:5      | Bought a scroll of blinking for 90 gold pieces
 25147 | D:5      | Bought a scroll of enchant weapon for 90 gold pieces
 25377 | Swamp:1  | Entered Level 1 of the Swamp
 25386 | Swamp:1  | Noticed Jorgrun
 25401 | Swamp:1  | Killed Jorgrun
 25600 | Swamp:2  | Noticed Mlioglotl
 25601 | Swamp:2  | Noticed Nikola
 25613 | Swamp:2  | Reached skill level 15 in Invocations
 25613 | Swamp:2  | Killed Mlioglotl
 25641 | Swamp:2  | Reached skill level 10 in Shields
 25692 | Swamp:2  | Killed Nikola
 25812 | Swamp:1  | Found a radiant altar of Vehumet.
 25828 | Swamp:1  | Noticed Aizul
 25837 | Swamp:1  | Killed Aizul
 26350 | D:12     | You paid a toll of 2 scrolls of acquirement to enter a
                  | treasure trove
 26351 | Trove    | Entered a treasure trove
 26353 | Trove    | Found the ring of the Tortoise {AC+8}
 26355 | Trove    | Found the necklace of Bloodlust {Fury *Rage Will++ Int-3
                  | Slay+6}
 26378 | Trove    | Identified the amulet "Ymes" {RegenMP rN+ Str+4}
 26381 | Trove    | Identified the amulet "Moochad" {RegenMP Harm rCorr}
 26384 | Trove    | Identified the ring "Ezaew" {rC+ Dex+4}
 26395 | Trove    | Identified the ring of Doetaf {rF+ rC+ rN+++ Str-5}
 27043 | Swamp:4  | Entered Level 4 of the Swamp
 27094 | Swamp:4  | Reached XP level 19. HP: 157/181 MP: 29/29
 27193 | Swamp:3  | Reached skill level 16 in Invocations
 28177 | Swamp:4  | Found a blossoming altar of Fedhas.
 28207 | Swamp:4  | Found a basalt altar of Yredelemnul.
 28220 | Swamp:4  | Reached skill level 17 in Invocations
 28363 | Swamp:4  | Got a decaying rune of Zot
 28423 | Swamp:4  | Noticed Roxanne
 28442 | Swamp:4  | Killed Roxanne
 29069 | Vaults:1 | Entered Level 1 of the Vaults
 29213 | Vaults:1 | Noticed Saint Roka
 29226 | Vaults:1 | Killed Saint Roka
 30329 | Vaults:2 | Reached XP level 20. HP: 156/189 MP: 31/31
 30431 | Vaults:2 | Found a staircase to the Crypt.
 30474 | Vaults:2 | Found Hiowupid's Jewellery Shop.
 30574 | Vaults:2 | Noticed Donald
 30592 | Vaults:2 | Killed Donald
 30836 | Vaults:2 | Noticed Boris
 30842 | Vaults:2 | Reached skill level 15 in Shields
 30854 | Vaults:2 | Killed Boris
 31738 | Vaults:4 | Identified the of Utsoh
 31738 | Desolati | Identified the of Mongen
 31738 | Desolati | Identified the of Veng
 31738 | Desolati | Identified the "Minav"
 31826 | Vaults:4 | Found a crumbling gateway.
 31835 | Desolati | Entered the Desolation of Salt
 31871 | Desolati | Reached XP level 21. HP: 115/196 MP: 23/32
 32049 | Desolati | Found the +10 tower shield of Ignorance {rN+ Int-4}
 32067 | Desolati | Identified the ring "Olyralan" {rC+ Int+3}
 32120 | Desolati | Identified the ring "Uxei" {rN+ Int+3 Slay+2}
 32287 | Desolati | Identified the +2 pair of gloves "Usimykk" {Harm Str+3
                  | Int+5 Slay-3}
 32295 | Desolati | Identified the +0 plate armour "Qerepp" {+Blink rF+ rN+
                  | Stlth+}
 32298 | Desolati | Identified the ring "Coosacom" {Fly rF+ rC+ Int+3 Dex+6}
 32307 | Desolati | Identified the ring "Furev" {*Corrode rPois Str+3 Dex+6}
 32821 | Vaults:3 | Paralysed by a sphinx for 5 turns
 32842 | Vaults:3 | Reached skill level 10 in Dodging
 33954 | Vaults:4 | Reached skill level 10 in Armour
 34091 | Vaults:4 | Paralysed by a sphinx for 2 turns
 34134 | Vaults:5 | Identified the of Mewaar
 34134 | Vaults:5 | Entered Level 5 of the Vaults
 34384 | Vaults:4 | Identified the +7 arbalest of the Crafting Messenger
                  | {penet, Contam rPois MP+9}
 34402 | Vaults:4 | Noticed an ancient lich
 34403 | Vaults:4 | Reached XP level 22. HP: 195/204 MP: 33/33
 34413 | Vaults:4 | Killed an ancient lich
 34435 | Vaults:4 | Identified the +6 plate armour of Gerchiutu {rPois rF+ rC-
                  | Will+}
 35087 | Vaults:5 | Noticed a golden dragon
 35088 | Vaults:5 | Noticed a golden dragon
 35090 | Vaults:5 | Noticed an ancient lich
 35094 | Vaults:5 | Killed a golden dragon
 35109 | Vaults:5 | Killed an ancient lich
 35109 | Vaults:5 | Killed a golden dragon
 35134 | Vaults:5 | Noticed a golden dragon
 35134 | Vaults:5 | Noticed a dread lich
 35528 | Vaults:5 | Killed a dread lich
 35532 | Vaults:5 | Killed a golden dragon
 35539 | Vaults:5 | Identified the +2 morningstar of Malum Prohibitum
                  | {antimagic, Int+3}
 35561 | Vaults:5 | Reached XP level 23. HP: 158/215 MP: 32/34
 35904 | Vaults:5 | Identified the amulet of Xom's Entertainment {Reflect Str+2
                  | SH+5}
 36106 | Vaults:5 | Noticed a golden dragon
 36113 | Vaults:5 | Killed a golden dragon
 36327 | Vaults:5 | Identified the ring "Lodaivi" {rN+ Dex+2}
 36337 | Vaults:5 | Identified the +2 leather armour of the Trombone {Fly Str+8
                  | Int-5 Dex-5}
 36537 | Vaults:5 | Got a silver rune of Zot
 36659 | Vaults:5 | Identified the ring "Noufarano" {Str+4 Dex+6}
 36669 | Vaults:5 | Found the +8 mithril axe "Arga" {speed, Will+}
 37012 | Depths:1 | Entered Level 1 of the Depths
 37026 | Depths:1 | Reached skill level 15 in Dodging
 37224 | Depths:2 | Noticed a caustic shrike
 37233 | Depths:2 | Killed a caustic shrike
 37242 | Depths:2 | Paralysed by a vampire knight for 4 turns
 37540 | Depths:2 | Found Qurip's Antique Weapon Shop.
 37572 | Depths:1 | Identified the +12 demon blade "Zurafyukh" {vamp, Int+2}
 37574 | Depths:1 | Found a gateway to Hell.
 38093 | Depths:2 | Identified the +2 mace "Ymeinop" {spect, Str+3}
 38094 | Depths:2 | Identified the +6 broad axe of Fehod {holy, +Blink rPois
                  | rF- Str+4}
 38096 | Depths:2 | Identified the +0 mace of the Moth {drain, Str-5 Dex+4
                  | SInv}
 38161 | Depths:2 | Found a one-way gate leading to the halls of Pandemonium.
 38876 | Depths:3 | Paralysed by a vampire knight for 3 turns
 39009 | Depths:3 | Noticed a dread lich
 39024 | Depths:3 | Killed a dread lich
 39206 | Depths:3 | Reached XP level 24. HP: 211/226 MP: 34/34
 39593 | Depths:3 | Noticed a caustic shrike
 39600 | Depths:3 | Killed a caustic shrike
 39667 | Depths:3 | Identified the staff "Tum Suokk" {Will+ rCorr Conj}
 39699 | Depths:4 | Entered Level 4 of the Depths
 39702 | Depths:4 | Noticed Mennas
 39708 | Depths:3 | Noticed a caustic shrike
 39712 | Depths:3 | Killed a caustic shrike
 39740 | Depths:3 | Killed Mennas
 40075 | Depths:3 | Noticed a shard shrike
 40082 | Depths:3 | Noticed a shard shrike
 40088 | Depths:3 | Killed a shard shrike
 40092 | Depths:3 | Killed a shard shrike
 40344 | Depths:4 | Found a gate to the Realm of Zot.
 40474 | Depths:4 | Found a shimmering blue altar of Sif Muna.
 40622 | Depths:4 | Found a broken altar of Ashenzari.
 40690 | Depths:4 | Noticed a dread lich
 40691 | Depths:4 | Found a one-way gateway to a ziggurat.
 41419 | Orc:1    | Entered Level 1 of the Orcish Mines
 41543 | Orc:1    | Identified the +6 chain mail of the Beginning {rF+}
 41676 | Orc:2    | Entered Level 2 of the Orcish Mines
 41676 | Orc:2    | Found a gate leading to a gauntlet.
 41709 | Gauntlet | Entered a Gauntlet
 41709 | Gauntlet | Found a transporter.
 41709 | Gauntlet | Found a transporter.
 41710 | Gauntlet | Found a transporter.
 41713 | Gauntlet | Found a transporter.
 41714 | Gauntlet | Found a transporter.
 41761 | Gauntlet | Identified the amulet "Ibyrphuz" {Spirit rF+ Int+3 SInv
                  | Stlth+}
 41767 | Gauntlet | Found a transporter.
 41770 | Gauntlet | Found a transporter.
 41793 | Gauntlet | Found a transporter.
 41816 | Gauntlet | Found a transporter.
 41862 | Gauntlet | Found a transporter.
 41871 | Gauntlet | Found a transporter.
 41988 | Orc:2    | Reached XP level 25. HP: 236/236 MP: 34/34
 42617 | Orc:2    | Found Pedirul's General Store.
 42619 | Orc:2    | Found Dugil's Armour Shop.
 42637 | Orc:2    | Found Edghots's Assorted Antiques.
 42639 | Orc:2    | Found a staircase to the Elven Halls.
 42671 | Orc:2    | Found Moxtoan's Weapon Shoppe.
 42888 | Orc:2    | Bought the +3 crown of Dyrovepreva {rElec Int+2 SInv} for
                  | 1324 gold pieces
 42888 | Orc:2    | Found the +3 crown of Dyrovepreva {rElec Int+2 SInv}
 43029 | Elf:1    | Identified the "Jaedden"
 43029 | Elf:1    | Entered Level 1 of the Elven Halls
 43201 | Elf:1    | Identified the ring "Neyfoimnae" {rElec rPois rF+ MP-9
                  | Int-4}
 43313 | Elf:1    | Reached skill level 18 in Invocations
 43542 | Elf:1    | Paralysed by an air elemental for 1 turns
 43676 | Elf:1    | Identified the +7 war axe of Eturchati {speed, *Corrode Fly
                  | rC+}
 43972 | Elf:1    | Paralysed by an air elemental for 1 turns
 44063 | Elf:3    | Identified the of Zano
 44063 | Elf:3    | Identified the "Iwkudgh"
 44063 | Elf:3    | Entered Level 3 of the Elven Halls
 44273 | Elf:2    | Noticed Zenata
 44281 | Elf:2    | Killed Zenata
 44715 | Elf:2    | Found a runed translucent gate.
 44716 | Elf:2    | Found a runed translucent gate.
 44716 | Elf:2    | Found a runed translucent gate.
 44920 | Elf:2    | Reached skill level 19 in Invocations
 45595 | Elf:3    | Found an ancient bone altar of Kikubaaqudgha.
 45745 | Elf:3    | Found the ring of Shadows {Umbra +Inv Stlth+}
 45831 | Elf:3    | Identified the +1 whip "Unutoffoe" {flame, Int+5 Dex+3}
 45837 | Elf:3    | Identified the +7 long sword "Ewaul" {elec, Str+3 Int+2}
 45852 | Elf:3    | Identified the staff of the Blessed Realm {Fly rF+ MP+9
                  | Str+4 Dex-2 Fire}
 45854 | Elf:3    | Identified the +2 orcbow "Eloroxt" {drain, rCorr}
 45864 | Elf:3    | Identified the +0 helmet of the Devil's Team {Str+2}
 46481 | Zot:1    | Entered Level 1 of the Realm of Zot
 46651 | Zot:1    | Reached skill level 20 in Invocations
 46790 | Zot:2    | Noticed a Killer Klown
 46792 | Zot:2    | Noticed a Killer Klown
 46805 | Zot:2    | Noticed an ancient lich
 46807 | Zot:2    | Killed a Killer Klown
 46808 | Zot:2    | Reached XP level 26. HP: 234/245 MP: 36/36
 46820 | Zot:2    | Killed an ancient lich
 46827 | Zot:2    | Killed a Killer Klown
 48494 | Zot:2    | Reached skill level 15 in Armour
 49019 | Zot:3    | Found an iron altar of Okawaru.
 49043 | Zot:3    | Noticed a Killer Klown
 49053 | Zot:3    | Killed a Killer Klown
 49491 | Zot:3    | Found the +4 dragonskin cloak
 49491 | Zot:3    | Noticed Tiamat
 49524 | Zot:3    | Killed Tiamat
 49719 | Zot:3    | Acquired a manual of Spellcasting
 50080 | Zot:4    | Reached XP level 27. HP: 241/251 MP: 36/36
 50305 | Zot:5    | Entered Level 5 of the Realm of Zot
 50411 | Zot:4    | Noticed an orb of fire
 50429 | Zot:4    | Killed an orb of fire
 51039 | Zot:5    | Found a transporter.
 51040 | Zot:5    | Found a transporter.
 51044 | Zot:5    | Found a transporter.
 51046 | Zot:5    | Found a transporter.
 51539 | Zot:5    | Noticed an ancient lich
 51631 | Zot:5    | Noticed an orb of fire
 51634 | Zot:5    | Noticed an ancient lich
 51636 | Zot:5    | Noticed a dread lich
 51637 | Zot:5    | Noticed a dread lich
 51637 | Zot:5    | Noticed a dread lich
 51638 | Zot:5    | Noticed an ancient lich
 51644 | Zot:5    | Noticed an orb of fire
 51647 | Zot:5    | Killed a dread lich
 51647 | Zot:5    | Noticed an orb of fire
 51651 | Zot:5    | Killed a dread lich
 51655 | Zot:5    | Killed an ancient lich
 51663 | Zot:5    | Killed an orb of fire
 51666 | Zot:5    | Killed an orb of fire
 51699 | Zot:5    | Killed an orb of fire
 51703 | Zot:5    | Noticed an ancient lich
 51705 | Zot:5    | Killed an ancient lich
 51710 | Zot:5    | Killed an ancient lich
 51715 | Zot:5    | Killed a dread lich
 51721 | Zot:5    | Killed an ancient lich
 52401 | Zot:5    | Noticed a dread lich
 52411 | Zot:5    | Killed a dread lich
 52850 | Orc:2    | Bought 2 scrolls of enchant armour for 480 gold pieces
 52850 | Orc:2    | Bought a potion of curing for 96 gold pieces
 53051 | D:5      | Bought a scroll of fog for 48 gold pieces
 53051 | D:5      | Bought a scroll of poison for 48 gold pieces
 53247 | D:4      | Killed Pikel
 53569 | Crypt:1  | Entered Level 1 of the Crypt
 53594 | Crypt:1  | Reached skill level 1 in Throwing
 53940 | Crypt:1  | Identified the +7 chain mail of Grace {rPois}
 53952 | Crypt:1  | Reached skill level 5 in Throwing
 54427 | Crypt:1  | Found a runed translucent gate.
 54427 | Crypt:1  | Found a runed translucent gate.
 54427 | Crypt:1  | Found a runed translucent gate.
 54427 | Crypt:1  | Found an ancient bone altar of Kikubaaqudgha.
 54427 | Crypt:1  | Noticed an ancient lich
 54428 | Crypt:1  | Noticed Dugafar's ghost (adept GrFi)
 54428 | Crypt:1  | Noticed a dread lich
 54429 | Crypt:1  | Noticed Micliseo's ghost (adept GrFi)
 54596 | Crypt:3  | Entered Level 3 of the Crypt
 54771 | Crypt:2  | Found an ancient bone altar of Kikubaaqudgha.
 55509 | Crypt:3  | Found an ancient bone altar of Kikubaaqudgha.
 55618 | Crypt:3  | Identified the +2 leather armour of Sophism {rCorr Dex+3}
 55783 | Crypt:3  | Reached skill level 10 in Throwing
 55996 | Crypt:3  | Found a staircase to the Tomb.
 56027 | Crypt:3  | Identified the +8 orcbow "Jeextyf" {drain, rPois rF+ Int-2}
 56226 | Crypt:3  | Identified the ring "Desel" {Wiz rN+ Str+2}
 56454 | Crypt:3  | Identified the +0 leather armour of Recklessness {rElec
                  | rC++}
 56943 | Slime:1  | Entered Level 1 of the Pits of Slime
 57117 | Slime:5  | Entered Level 5 of the Pits of Slime
 57139 | Slime:5  | Noticed the Royal Jelly
 57154 | Slime:5  | Killed the Royal Jelly
 57250 | Slime:5  | Got a slimy rune of Zot
 57279 | Slime:5  | Identified the +3 helmet "Put-Me-On" {Int+4}
 57330 | Slime:5  | Identified the amulet "Tykkaowu" {Acrobat rC+}
 57333 | Slime:5  | Identified the +6 orcbow "Puipp" {flame, rElec Will- Str+2}
 57368 | Slime:5  | Identified the +6 scale mail of the Gusle {*Corrode Fly
                  | Dex+3 SInv}
 57411 | Slime:5  | Identified the +11 flail "Paeczifi" {freeze, Stlth+}
 58000 | Depths:3 | Voluntarily entered the Abyss.
 58013 | Abyss:1  | Found a corrupted altar of Lugonu.
 58024 | Abyss:2  | Found a corrupted altar of Lugonu.
 58025 | Abyss:2  | Found a blossoming altar of Fedhas.
 58160 | Abyss:2  | Found a corrupted altar of Lugonu.
 58217 | Abyss:3  | Reached skill level 15 in Throwing
 58406 | Depths:3 | Escaped the Abyss
 58585 | Depths:3 | Learned a level 2 spell: Blink
 58588 | Depths:3 | Learned a level 2 spell: Lesser Beckoning
 58593 | Depths:3 | Learned a level 4 spell: Manifold Assault
 58594 | Depths:3 | Voluntarily entered the Abyss.
 58701 | Abyss:4  | Reached skill level 1 in Spellcasting
 58714 | Abyss:4  | Reached skill level 1 in Translocations
 58715 | Abyss:4  | Paralysed by accursed screaming for 1 turns
 58876 | Abyss:4  | Reached skill level 5 in Spellcasting
 58878 | Depths:3 | Escaped the Abyss
 59056 | Depths:3 | Voluntarily entered the Abyss.
 59056 | Abyss:4  | Found a corrupted altar of Lugonu.
 59110 | Depths:3 | Escaped the Abyss
 59138 | Hell     | Entered the Vestibule of Hell
 59138 | Hell     | Noticed Geryon
 59159 | Hell     | Reached skill level 5 in Translocations
 59189 | Hell     | Killed Geryon
 59373 | Hell     | Found a gateway to the ashen valley of Gehenna.
 59693 | Hell     | Found a gateway to the decaying netherworld of Tartarus.
 59730 | Hell     | Found a gateway to the freezing wastes of Cocytus.
 60010 | Hell     | Found a gateway to the Iron City of Dis.
 60802 | Depths:3 | Voluntarily entered the Abyss.
 60803 | Abyss:4  | Found a corrupted altar of Lugonu.
 60826 | Abyss:4  | Identified the "Miyhiy"
 60826 | Abyss:4  | Identified the "Coaled"
 60826 | Abyss:4  | Identified the "Naxkoul"
 60826 | Abyss:4  | Identified the of Qakleen
 60826 | Abyss:4  | Identified the of Zoxunix
 60826 | Abyss:4  | Identified the of Menyver
 60826 | Abyss:4  | Identified the of Xecuofes
 60826 | Abyss:4  | Identified the "Vyokeah"
 60826 | Abyss:4  | Identified the "Razxyg"
 60826 | Abyss:4  | Identified the of Inuem
 60826 | Abyss:4  | Identified the "Leips"
 60885 | Abyss:4  | Found a shimmering blue altar of Sif Muna.
 61038 | Depths:3 | Escaped the Abyss
 61277 | Depths:3 | Voluntarily entered the Abyss.
 61299 | Abyss:4  | Found a corrupted altar of Lugonu.
 61304 | Abyss:4  | Found a corrupted altar of Lugonu.
 61315 | Depths:3 | Escaped the Abyss
 61448 | Depths:3 | Voluntarily entered the Abyss.
 61503 | Abyss:4  | Reached skill level 10 in Spellcasting
 61508 | Abyss:4  | Reached skill level 10 in Translocations
 61545 | Depths:3 | Escaped the Abyss
 61702 | Depths:3 | Voluntarily entered the Abyss.
 61884 | Abyss:4  | Found a corrupted altar of Lugonu.
 61887 | Abyss:4  | Paralysed by accursed screaming for 1 turns
 62000 | Depths:3 | Escaped the Abyss
 62479 | Depths:3 | Voluntarily entered the Abyss.
 62639 | Abyss:4  | Learned a level 1 spell: Apportation
 62639 | Abyss:4  | Found a corrupted altar of Lugonu.
 62678 | Abyss:4  | Reached skill level 21 in Invocations
 62762 | Abyss:4  | Got an abyssal rune of Zot
 62793 | Depths:3 | Escaped the Abyss
 63107 | Vaults:1 | Learned a level 3 spell: Teleport Other
 63832 | Tar:7    | Identified the "Guampirr"
 63832 | Tar:7    | Identified the "Ykoyq"
 63832 | Pan      | Entered Pandemonium
 63888 | Pan      | Noticed Sugrirhy the pandemonium lord
 63904 | Pan      | Identified the +4 quarterstaff of Fortitude {freeze, Str+7}
 63906 | Pan      | Got a demonic rune of Zot
 63910 | Pan      | Found a transporter.
 63910 | Pan      | Found a transporter.
 63917 | Pan      | Killed Sugrirhy the pandemonium lord
 64283 | Pan      | Reached skill level 22 in Invocations
 64334 | Pan      | Found a transporter.
 64367 | Pan      | Found a transporter.
 64367 | Pan      | Found a transporter.
 64411 | Pan      | Found an exit through the horrors of the Abyss.
 64746 | Pan      | Noticed Fadd the pandemonium lord
 64768 | Pan      | Killed Fadd the pandemonium lord
 65171 | Pan      | Identified the "Xezxicluv"
 65171 | Pan      | Noticed a seraph
 65179 | Pan      | Killed a seraph
 65224 | Pan      | Identified the ring "Dule Sei" {Fire rElec}
 65248 | Pan      | Identified the ring of the Heavens {rPois rN+ Will++ Dex-2
                  | SInv}
 65331 | Depths:2 | Escaped Pandemonium
 65337 | Pan      | Identified the "Ockenyos"
 65337 | Pan      | Entered the realm of Cerebov.
 65337 | Pan      | Entered Pandemonium
 65486 | Pan      | Reached skill level 23 in Invocations
 65503 | Pan      | Found the +6 sword of Cerebov {flame}
 65503 | Pan      | Noticed Cerebov
 65538 | Pan      | Killed Cerebov
 65959 | Pan      | Identified the +3 falchion of Omublus {freeze, Str+4}
 65998 | Pan      | Identified the +1 leather armour of Durable Satisfaction
                  | {rN+ Stlth+}
 66017 | Pan      | Identified the +7 chain mail of the Zebrataur {Rampage rC++
                  | rCorr MP-9}
 66048 | Pan      | Identified the orb of Plog {mayhem, Harm rElec Stlth+}
 66109 | Pan      | Identified the +4 glaive "Hyuttot" {freeze, Will+ Dex+4}
 66112 | Pan      | Identified the +6 chain mail of the Tarantula {Int+6 Dex+3}
 66138 | Pan      | Identified the +8 bardiche of Kafrebu Net {speed, rElec
                  | Str+3}
 66170 | Pan      | Identified the staff "Xohihod" {rC+ rN+ Ice}
 66207 | Pan      | Got a fiery rune of Zot
 66612 | Pan      | Reached skill level 24 in Invocations
 67243 | Pan      | Found an exit through the horrors of the Abyss.
 67435 | Pan      | Found a transporter.
 67448 | Pan      | Entered the realm of Mnoleg.
 67666 | Pan      | Reached skill level 25 in Invocations
 68017 | Pan      | Lost intelligence.
 68113 | Pan      | Noticed Mnoleg
 68134 | Pan      | Killed Mnoleg
 68354 | Pan      | Got a glowing rune of Zot
 68438 | Pan      | Reached skill level 26 in Invocations
 68875 | Pan      | Entered the realm of Lom Lobon.
 68877 | Pan      | Identified the +0 ring mail of Itiekkir {Harm rN+}
 68938 | Pan      | Found an exit through the horrors of the Abyss.
 68953 | Pan      | Took an exit into the Abyss.
 68953 | Abyss:4  | Escaped into the Abyss
 69005 | Abyss:4  | Found a corrupted altar of Lugonu.
 69120 | Depths:2 | Escaped the Abyss
 69660 | Vaults:2 | Bought a +6 ring of intelligence for 576 gold pieces
 69660 | Vaults:2 | Bought the ring of Rinu {rCorr Str-3 Int+4 Slay+3 SInv} for
                  | 734 gold pieces
 69906 | Pan      | Entered the realm of Gloorx Vloq.
 69906 | Pan      | Entered Pandemonium
 69991 | Pan      | Found an exit through the horrors of the Abyss.
 70450 | Pan      | Noticed Gloorx Vloq
 70474 | Pan      | Killed Gloorx Vloq
 70747 | Pan      | Got a dark rune of Zot
 70908 | Pan      | Found an exit through the horrors of the Abyss.
 70984 | Pan      | Learned a level 4 spell: Passage of Golubria
 71589 | Pan      | Noticed Koggir the pandemonium lord
 71600 | Pan      | Killed Koggir the pandemonium lord
 72189 | Pan      | Noticed Anuus the pandemonium lord
 72199 | Pan      | Killed Anuus the pandemonium lord
 72220 | Pan      | Noticed Jiaplups the pandemonium lord
 72234 | Pan      | HP: 3/256 [Executioner (17)]
 72234 | Pan      | HP: 1/256 [Executioner (2)]
 72235 | Pan      | Saved by the dreamshard amulet
 72327 | Pan      | Found an exit through the horrors of the Abyss.
 72338 | Pan      | Killed from afar by a Brimstone Fiend

Illustrated notes

Levels and vault maps discovered:
D:1:      denvon_arrival_hothouse, layout_basic
D:2:      layout_loops_ring, minivault_27, uniq_terence
D:3:      layout_basic, mainiacjoe_overflow_brackets, general_overflow_altar,
          minmay_joined_circles, uniq_natasha, uniq_grinder
D:4:      old_forge, layout_rooms, uniq_pikel
D:5:      layout_cave_pods, serial_shops, shop_scrolls
D:6:      layout_basic, okawaru_metal_pillars_3, amcnicky_altar_gilded,
          minmay_temple_entry_fiery, ebering_ghost_disaster_area, uniq_duvessa
D:7:      layout_layer_cave, lemuel_crystal_altar, reono_crystal_passage,
          kennysheep_small_square, uniq_crazy_yiuf_cottage
D:8:      layout_loops_corners, lemuel_tele_altar, makhleb_altar_promises_db
D:9:      layout_rooms, minmay_misc_feat_doors, hangedman_decor_opposing
D:10:     layout_roguey, minitemple, grunt_lair_entry_orc_guard_hut, uniq_grum,
          uniq_erolcha
D:11:     layout_cave_pools
D:12:     minmay_the_grid_plus [minmay_the_grid_mess, minmay_the_grid_dragon_b,
          minmay_the_grid_pillar_ring, minmay_the_grid_doors,
          minmay_the_grid_prize_four_corners_diamond_a], layout_long_grid,
          david_orc_3, enter_trove_1
D:13:     layout_roguey, ximxim_vaults_locker_room, special_room
          [special_room_bee], serial_shops, shop, serial_rivers,
          chequers_serial_rivers_small_3, chequers_serial_rivers_small_3,
          chequers_serial_rivers_large_b, chequers_serial_rivers_micro_a,
          chequers_serial_rivers_room_a, minmay_variable_closet,
          minmay_microvault
D:14:     layout_stronghold, serial_shops, shop, corexii_corridor_pit,
          hangedman_decor_slide_cut
D:15:     gammafunk_depths_entry_grave, layout_loops_ring,
          kennysheep_crisscross, nrook_mini_backslash
Temple:   hellmonk_temple_divided_pantheon
Lair:1:   layout_long_grid, hangedman_tree_tricks,
          chequers_serial_rivers_micro_c, serial_bayou_shore_b,
          uniq_prince_ribbit2
Lair:2:   layout_cave_pods, st_stairs_10, grunt_megastairs_5
Lair:3:   layout_regular_city, swamp_mist_pool, guppyfry_snake_entry_island,
          chequers_serial_rivers_micro_c, beast_lair_carwin_2
Lair:4:   layout_regular_city, serial_bayou_pond_c
Lair:5:   evilmike_catoblepas_cave, layout_regular_city, slime_entry_1
Swamp:1:  layout_falls_marsh, lemuel_altar_in_water, uniq_aizul, uniq_jorgrun
Swamp:2:  layout_basic_swamp, serial_swamp_ruin, evilmike_swamp_ruin_house_2,
          evilmike_swamp_ruin_house_3, swamp_pool2, uniq_nikola, uniq_mlioglotl
Swamp:3:  layout_basic_swamp, evilmike_swamp_ruin_rubble_1
Swamp:4:  byrel_swamp_growth_death_and_undeath, layout_basic_swamp,
          ldierk_geyser, uniq_roxanne
Snake:1:  layout_onion_interference, portal_ice_cave_entry_pillars_three,
          st_stairs_2, serial_bayou_lake_a, grunt_megastairs_2,
          lemuel_fruit_tree, uniq_azrael
Snake:2:  layout_layer_cave, gammafunk_ghost_split, serial_shops, shop
Snake:3:  layout_onion_interference, nicolae_snake_horde_hoard,
          grunt_megastairs_3
Snake:4:  johnstein_snake_rune_scales, layout_cave_town, serial_shops, shop,
          gammafunk_ghost_abyssal_escape, serial_bayou_pond_b, minmay_shop_star,
          serial_bayou_shore_b
Slime:1:  layout_caves
Slime:2:  layout_caves
Slime:3:  layout_caves
Slime:4:  layout_caves, nicolae_slime_rock_hall_of_fame
Slime:5:  slime_pit_nicolae_amoeboid
Orc:1:    nicolae_orc_accident_3, layout_diamond_mine, elf_legates
Orc:2:    st_orc_open, layout_caves, gauntlet_entry_generic, basic_altar
Elf:1:    eino_elf_arrival_shootout, layout_gridlike, minmay_elf_sorcery,
          grunt_ministairs_14, nicolae_elf_loose_elemental_storage
Elf:2:    nicolae_elf_blades_crystal_corner, layout_onion_city, uniq_zenata
Elf:3:    minmay_elf_hall_circle, layout_geoelf_diagonals, basic_altar
Vaults:1: vaults_room_boxed, v_misc_26, v_misc_8,
          nicolae_vaults_little_squares_4, nicolae_vaults_house_2,
          nicolae_vaults_shipping_containers_2, hangedman_vaults_slither,
          ontoclasm_vaults_shuriken, v_misc_25, nicolae_vaults_angled_halls,
          nicolae_vaults_trapezoid_2, vaults_room_semicircle,
          layout_vaults_omnicross, uniq_saint_roka
Vaults:2: ontoclasm_vaults_chip, vaults_room_ringed_pool,
          nicolae_vaults_triangles, vaults_room_semicircle,
          nicolae_vaults_turnstiles, v_misc_30, vaults_dpeg_ring,
          minmay_crypt_entry_simple_box, nicolae_vaults_rhombus_7,
          nicolae_vaults_display_case, layout_vaults_big_room, serial_shops,
          nicolae_shop_gaudy_bauble, uniq_donald, uniq_boris
Vaults:3: v_misc_15, v_rooms_6, grunt_vaults_diagonal, ontoclasm_vaults_hangar,
          grunt_vaults_focal, hangedman_vaults_capsules, ontoclasm_vaults_chip,
          v_misc_3, vaults_dpeg_hooks, nicolae_vaults_storage_room_doors,
          v_misc_17, layout_vaults_quadrants
Vaults:4: portal_desolation_entry_nicolae_nacl, st_greater_box_5,
          nicolae_vaults_circle_grid_b, vaults_standard_mumra_x,
          nicolae_vaults_closet_pinwheel_2, nicolae_vaults_six-pack, v_misc_9,
          hangedman_vaults_cutoff, hangedman_vaults_slice, layout_vaults_omnibox
Vaults:5
Crypt:1:  layout_chaotic_city, gammafunk_ghost_crypt,
          grunt_crypt_arrival_guarded_gate, grunt_megastairs_1
Crypt:2:  layout_misc_corridors, basic_altar, amcnicky_mini_pool_small,
          eino_tiny_chamber
Crypt:3:  grunt_crypt_end_deaths_head
Depths:1: layout_cave_shapes, nicolae_figureground_sparkle, hellmouth_1,
          kennysheep_cross_bottleneck, item_on_display_a
Depths:2: minmay_strange_plus, layout_basic, serial_shops,
          nicolae_shop_hallway_stairs, grunt_hell_entry_dis_old,
          kennysheep_flooded_box, rand_demon_pan_entry_3,
          infiniplex_staircase_zigzag_3
Depths:3: hellmonk_hyper_hexagons [hex_subvault_rooms, hex_subvault_bowtie,
          hex_subvault_spokes, hex_subvault_empty, hex_subvault_empty,
          hex_subvault_rooms_two], hell_entry, abyss_entry
Depths:4: grunt_crosshair, layout_cave_pools, enter_ziggurat_c,
          lemuel_coloured_pillars_altar, hell_entry,
          nicolae_ashenzari_panopticon, uniq_mennas
Hell
Zot:1:    layout_onion_interference, regret_index_zotdec_twisting_globes,
          grunt_megastairs_4
Zot:2:    ebering_greatest_show_in_zot, layout_twisted_circle,
          regret_index_zotdec_onion_hex
Zot:3:    layout_twisted_circle, regret_index_zot_stipple_split, basic_altar,
          st_stairs_1, uniq_tiamat
Zot:4:    layout_gridlike, zot_minivault_3
Zot:5:    layout_basic, bh_zot_lava_cross, nicolae_diode_quadrants
Pan:      rand_demon_8, layout_rooms, rand_demon_4, layout_irregular_city,
          rand_demon_5, layout_onion_city, gammafunk_the_bubble
          [the_bubble_gammafunk_roulette], layout_gridlike,
          evilmike_mini_pan_possible_glass, layout_pan_divisions_a
          [pan_division_quadrant_a5, pan_division_quadrant_a4,
          pan_division_quadrant_a4, pan_division_quadrant_a6,
          pan_division_octagon_empty], pan_blood_fountain_2, grunt_pan_sceptre,
          layout_gridville, pan_blood_fountain, evilmike_holy_pan, cerebov,
          layout_pan_divisions_b [pan_division_quadrant_b3,
          pan_division_quadrant_b4, pan_division_quadrant_b1,
          pan_division_quadrant_b3], grunt_pan_frozen_over, layout_onion_city,
          evilmike_mini_pan_branches, layout_irregular_city,
          gammafunk_dig_for_victory, layout_rooms, mnoleg_st, layout_gridville,
          pan_blood_fountain, nicolae_pan_gloorx_vloqian_1,
          nicolae_pan_diamonds, layout_pan_divisions_b
          [pan_division_quadrant_b2, pan_division_quadrant_b1,
          pan_division_quadrant_b3, pan_division_quadrant_b6],
          pan_blood_fountain, lom_lobon_spiral_st, layout_basic,
          pan_blood_fountain, evilmike_gloorx_vloq_box, layout_chambers,
          rand_demon_4, layout_onion_city, pan_blood_fountain_2,
          evilmike_mini_pan_doors_b, layout_pan_divisions_a
          [pan_division_quadrant_a3, pan_division_quadrant_a6,
          pan_division_quadrant_a3, pan_division_quadrant_a6,
          pan_division_octagon_divided], evilmike_mini_pan_rooms,
          layout_stronghold, evilmike_mini_pan_murderfest, layout_gridlike,
          nicolae_the_louvre, rand_demon_5, layout_stronghold,
          nicolae_pan_door_chamber, layout_gridville,
          regret_index_pan_draining_boxed, layout_long_grid,
          pan_blood_fountain_small

Skill      XL: |  1  2  3  4  5  6  7  8  9 10 11 12 13 14 15 16 17 18 19 20 21 22 23 24 25 26 27 |
---------------+----------------------------------------------------------------------------------+-----
Axes           | 3 4 5 6 |  6.5
Armour         | 1 2 5 8 10 12 13 14 16 20 | 20.6
Fighting       | 4 5 7 8 9 11 12 13 16 17 18 19 20 21 22 | 22.9
Shields        | 1 3 4 5 7 10 14 17 19 20 21 22 23 25 | 25.0
Long Blades    | 4 6 9 11 12 14 16 | 16.0
Invocations    | 4 7 9 10 13 15 17 20 26 | 26.5
Dodging        | 5 8 12 14 15 16 17 20 | 20.3
Evocations     | 4 5 |  5.0
Throwing       | 15 | 15.3
Spellcasting   | 10 | 10.0
Translocations | 13 | 13.6

Action                     |  1- 3 |  4- 6 |  7- 9 | 10-12 | 13-15 | 16-18 | 19-21 | 22-24 | 25-27 || total
---------------------------+-------+-------+-------+-------+-------+-------+-------+-------+-------++-------
  Melee: Hand axe          |   102 |   167 |   118 |       |       |       |       |       |       ||   387
         Double sword      |       |       |   151 |   238 |   472 |   623 |   693 |   779 |  3200 ||  6156
         Flail             |       |       |       |    11 |    20 |     8 |    11 |       |       ||    50
         Demon blade       |       |       |       |       |       |       |       |       |   101 ||   101
  Throw: Throwing net      |       |     1 |     1 |       |       |       |       |       |       ||     2
         Dart              |       |       |       |     6 |     2 |       |       |       |       ||     8
         Boomerang         |       |       |       |       |       |       |       |       |    23 ||    23
         Javelin           |       |       |       |       |       |       |       |       |     8 ||     8
   Cast: Blink             |       |       |       |       |       |       |       |       |     1 ||     1
 Invoke: Elemental Force   |       |       |       |     1 |       |       |       |     1 |       ||     2
         Disaster Area     |       |       |       |       |       |     1 |     2 |     2 |    13 ||    18
         Upheaval          |       |       |       |       |       |       |       |     1 |       ||     1
  Evoke: Tin of tremorston |       |       |       |       |     1 |       |       |       |     1 ||     2
         Wand              |       |       |       |       |       |    10 |       |       |     1 ||    11
    Use: Scroll            |       |    11 |     9 |     5 |     9 |     7 |     6 |     5 |    19 ||    71
         Potion            |       |     2 |       |     1 |     4 |     6 |     1 |     4 |    35 ||    53
   Stab: Held in net/web   |       |       |     1 |       |       |       |       |       |       ||     1
         Petrified         |       |       |       |       |     1 |       |       |       |       ||     1
         Invisible         |       |       |       |       |       |     2 |       |       |     5 ||     7
         Confused          |       |       |       |       |       |     1 |       |       |       ||     1
         Distracted        |       |       |       |       |       |       |       |       |     1 ||     1
 Armour: Robe              |    20 |       |       |       |       |       |       |       |       ||    20
         Ring mail         |    23 |       |       |       |       |       |       |       |       ||    23
         Scale mail        |    13 |    89 |   253 |   213 |   366 |   404 |   388 |   377 |       ||  2103
         Chain mail        |       |       |     8 |       |       |       |       |       |       ||     8
         Gold dragon scale |       |       |       |       |       |       |       |   145 |  1323 ||  1468
         Skin              |       |       |       |       |       |       |       |     3 |       ||     3
         Shadow dragon sca |       |       |       |       |       |       |       |       |    85 ||    85
  Dodge: Dodged            |    79 |    79 |   168 |    98 |   160 |   335 |   376 |   479 |   805 ||  2579
         Repelled          |       |       |       |       |     5 |    39 |    12 |    17 |    72 ||   145
  Block: Buckler           |       |       |    53 |   139 |   339 |   493 |   300 |       |       ||  1324
         Kite shield       |       |       |       |       |       |       |   421 |  1075 |    61 ||  1557
         Reflection        |       |       |       |       |       |       |    13 |    21 |     6 ||    40
         Tower shield      |       |       |       |       |       |       |       |       |  4557 ||  4557
Riposte: Double sword      |       |       |       |       |   127 |   155 |   249 |   449 |  1496 ||  2476
         Flail             |       |       |       |       |    13 |     4 |     3 |       |       ||    20
         Demon blade       |       |       |       |       |       |       |       |       |    21 ||    21

Table legend: (Time is in decaauts)
 A = Elapsed time spent in this place.
 B = Non-inter-level travel time spent in this place.
 C = Inter-level travel time spent in this place.
 D = Time resting spent in this place.
 E = Time spent auto-exploring this place.
 F = Levels seen in this place.
 G = Mean time per level.
                   A        B        C        D        E       F      G
               +--------+--------+--------+--------+--------+-----+--------+
         Total |  71525 |  63892 |   7633 |   3908 |  40887 |  95 |  752.9 |
       Dungeon |  17907 |  14731 |   3176 |    687 |  10282 |  15 | 1193.8 |
        Temple |     34 |     34 |      0 |      0 |      0 |   1 |   34.0 |
          Lair |   5477 |   4569 |    908 |    170 |   3572 |   5 | 1095.4 |
         Swamp |   3392 |   3220 |    172 |    186 |   2321 |   4 |  848.0 |
     Snake Pit |   4590 |   4343 |    247 |      0 |   3118 |   4 | 1147.5 |
    Slime Pits |    638 |    592 |     46 |    146 |     92 |   5 |  127.6 |
  Orcish Mines |   1551 |   1332 |    219 |    100 |    902 |   2 |  775.5 |
   Elven Halls |   3142 |   2970 |    172 |      0 |   2105 |   3 | 1047.3 |
        Vaults |   7587 |   6634 |    953 |    613 |   4423 |   5 | 1517.4 |
         Crypt |   2991 |   2721 |    270 |      0 |   1775 |   3 |  997.0 |
        Depths |   7474 |   6532 |    942 |   1840 |   2996 |   4 | 1868.5 |
          Hell |    560 |    541 |     19 |      0 |    353 |   1 |  560.0 |
           Zot |   5972 |   5469 |    503 |    158 |   3790 |   5 | 1194.4 |
         Abyss |   1696 |   1696 |      0 |      0 |    189 |  13 |  130.5 |
   Pandemonium |   7471 |   7471 |      0 |      7 |   4327 |  22 |  339.6 |
         Trove |     64 |     64 |      0 |      0 |      2 |   1 |   64.0 |
    Desolation |    746 |    746 |      0 |      0 |    584 |   1 |  746.0 |
      Gauntlet |    223 |    223 |      0 |      0 |     53 |   1 |  223.0 |
               +--------+--------+--------+--------+--------+-----+--------+

Top non-repeatable levels by time:
Depths:3: 3199 daAuts
Vaults:4: 2061 daAuts
Depths:2: 2027 daAuts
   Zot:1: 1781 daAuts
    D:13: 1743 daAuts
Vaults:2: 1695 daAuts
 Snake:4: 1659 daAuts
    D:14: 1621 daAuts
    D:12: 1567 daAuts
  Lair:1: 1549 daAuts
   Zot:5: 1435 daAuts
     D:7: 1434 daAuts
 Snake:2: 1429 daAuts
Vaults:3: 1419 daAuts
     D:3: 1306 daAuts
